 Dungeon Crawl Stone Soup version 0.30-a0-1014-g3371b13838 (webtiles) character file.

Game seed: 10652438122819979469

2187 Querens the Blocker (level 9, -1/71 HPs)
             Began as a Formicid Fighter on Apr 6, 2023.
             Was a Follower of Okawaru.
             Killed from afar by a gargoyle (25 damage)
             ... with a stone arrow
             ... on level 7 of the Dungeon.
             The game lasted 00:16:45 (3670 turns).

Querens the Blocker (Formicid Fighter)              Turns: 3670, Time: 00:16:48

Health: -1/71      AC: 16    Str: 25    XL:     9   Next: 59%
Magic:  9/9        EV:  7    Int: 13    God:    Okawaru [*.....]
Gold:   424        SH:  6    Dex: 13    Spells: 8/8 levels left

rFire   . . .      SeeInvis +    b - +1 war axe of Puenyaru {freeze, Contam rC+ Int+5}
rCold   + . .      Faith    .    c - +0 buckler
rNeg    . . .      Spirit   .    z - +0 plate armour
rPois   .          Reflect  .    (helmet unavailable)
rElec   .          Rampage  .    r - +0 cloak
rCorr   .                        v - +0 pair of gloves
Will    .....                    h - +0 pair of boots Stlth
                                 (no amulet)
HPRegen 0.31/turn                (no ring)
MPRegen 0.11/turn                (no ring)

@: no status effects
A: permanent stasis, dig shafts and tunnels, antennae 3, four strong arms
a: Dig, Shaft Self, Renounce Religion, Heroism


You were on level 7 of the Dungeon.
You worshipped Okawaru.
Okawaru was aware of your devotion.
You visited 2 branches of the dungeon, and saw 8 of its levels.
You also visited: Sewer.

You collected 424 gold pieces.

Inventory:

Hand Weapons
 a - a +0 war axe
 b - the +1 war axe of Puenyaru (weapon) {freeze, Contam rC+ Int+5}
   (You found it on level 4 of the Dungeon)

   Int:       It affects your intelligence (+5).
   rC:        It protects you from cold.
   Contam:    It causes magical contamination when unequipped.
Missiles
 C - a curare-tipped dart
Armour
 c - a +0 buckler (worn)
 h - a +0 pair of boots (worn)
 r - a +0 cloak (worn)
 v - a +0 pair of gloves (worn)
 z - a +0 plate armour (worn)
Jewellery
 n - the ring of Vashrapi {Ice SInv}
   (You found it on level 2 of the Dungeon)

   [ring of ice]

   It enhances your ice magic.
   rF:        It makes you vulnerable to fire.
   rC:        It protects you from cold.
   SInv:      It lets you see invisible.
 o - a ring of wizardry
Wands
 l - a wand of roots (4)
Scrolls
 m - 2 scrolls of magic mapping {unknown}
 p - a scroll of silence {unknown}
 q - a scroll of immolation {unknown}
 t - 2 scrolls of enchant weapon {unknown}
 u - a scroll of blinking {unknown}
 x - 3 scrolls of poison
 y - 2 scrolls of fear {unknown}
 A - a scroll of torment {unknown}
 D - a scroll of brand weapon {unknown}
Potions
 d - 2 potions of might
 e - 4 potions of curing
 f - a potion of magic {unknown}
 g - 2 potions of ambrosia
 i - 5 potions of heal wounds
 j - a potion of flight {unknown}
 k - a potion of brilliance {unknown}
 s - 4 potions of mutation {unknown}
 w - a potion of invisibility {unknown}
 B - a potion of haste {unknown}


   Skills:
 + Level 6.9 Fighting
 * Level 7.7 Axes
 + Level 6.7 Armour
 + Level 8.2 Shields
 + Level 0.8 Invocations


You had 8 spell levels left.
You didn't know any spells.
Your spell library contained the following spells:

 Spells                   Type           Power      Damage    Failure   Level
 Lesser Beckoning         Tloc           0%         N/A       100%        2
 Momentum Strike          Conj/Tloc      0%         3d8       100%        2
 Passage of Golubria      Tloc           0%         N/A       100%        4
 Yara's Violent Unravell  Hex/Tmut       0%         3d3       100%        5
 Blink                    Tloc           Unusable   N/A       N/A         2
 Tukima's Dance           Hex            Unusable   N/A       N/A         3

Dungeon Overview and Level Annotations

Branches:
Dungeon (7/15)             Temple (1/1) D:4           Sewer (visited)

Altars:
Ashenzari
Cheibriados
Dithmenos
Elyvilon
Fedhas
Gozag
Hepliaklqana
Kikubaaqudgha
Nemelex Xobeh
Okawaru
Qazlal
Ru
Sif Muna
Trog
Uskayaw
Vehumet
Wu Jian
Xom
Yredelemnul
Zin
The Shining One

Shops:
D:6 =   D:7 :


Innate Abilities, Weirdness & Mutations

You cannot be hasted, slowed, berserked, paralysed or teleported.
You can dig through walls and to a lower floor.
You have a pair of large antennae on your head. (SInv)
Your four strong arms can wield two-handed weapons with a shield.


Message History

You kill the bullfrog!
Okawaru accepts your kill.
You see here a bullfrog corpse.
A centaur and a gargoyle come into view.
The centaur shouts!
The centaur unwields a +0 lajatang.
The centaur wields a +0 shortbow.
The centaur shoots an arrow.
You block the arrow.
The gargoyle hurls a stone arrow at you.
The stone arrow hits you but does no damage.
Okay, then.
Okay, then.
You are confused.
You feel invigorated.
The centaur shoots an arrow.
The arrow hits you but does no damage.
The centaur shoots an arrow.
The arrow hits you.
The centaur shoots an arrow.
The arrow barely misses you.
The centaur shoots an arrow.
The arrow barely misses you.
You feel less invigorated.
You feel less confused.
The centaur shoots an arrow.
The arrow hits you.
The centaur shoots an arrow.
The arrow hits you but does no damage.
You fail to use your ability.
The centaur unwields a +0 shortbow.
The centaur wields a +0 lajatang.
The centaur hits you with a +0 lajatang!
You block the centaur's attack. The centaur barely misses you.
The centaur kicks you but does no damage.
You slash the centaur! You freeze the centaur.
The centaur is almost dead.
The centaur hits you with a +0 lajatang!
The centaur kicks you.
The gargoyle hurls a stone arrow at you.
The stone arrow misses you.
You hit the centaur but do no damage.
The centaur is almost dead.
You barely miss the gargoyle. You block the centaur's attack.
The centaur kicks you but does no damage.
You block the centaur's attack. The centaur kicks you.
The gargoyle hurls a stone arrow at you.
The stone arrow hits you!!
You die...

### ######
###.###....#
##....##....#
##...##
#......#....#
.#.....
##.#........#
.c.....
#....##......#
.......
#...........##
..9....
#..##..#†)...# ....#
### ###..#..@##..#
##.#..##.9c...#
#.....###.........#
#.......###..#.....
##..###..###.......
### ##.........
.####..
##..##...#...#.....
.
#....#...#...#......
#........#### #.....


You could see a gargoyle and a centaur.

Vanquished Creatures
  Prince Ribbit (D:5)
  Menkaure (D:5)
  A water moccasin (Sewer)
  An ice beast (D:7)
  A black bear (D:5)
  2 phantoms
  2 kobold brigands
  3 bullfrogs
  6 scorpions
  3 wights (D:7)
  3 orc priests
  5 hounds
  An iguana (D:5)
  2 orc wizards (D:6)
  A sleepcap (D:6)
  4 adders
  A shadow imp (D:6)
  3 white imps
  3 ufetubi (D:6)
  2 worms
  5 dart slugs
  27 orcs
  7 endoplasms
  2 giant cockroaches
  8 goblins
  9 hobgoblins
  3 jackals (D:4)
  16 kobolds
  5 quokkas
  5 ball pythons
  4 bats
  2 frilled lizards
  7 rats
146 creatures vanquished.

Notes
Turn   | Place    | Note
-------+----------+-------------------------------------------
     0 | D:1      | Querens the Formicid Fighter began the quest for the Orb.
     0 | D:1      | Reached XP level 1. HP: 18/18 MP: 1/1
    78 | D:1      | Reached XP level 2. HP: 23/24 MP: 2/2
   182 | D:1      | Found a faded altar of an unknown god.
   187 | D:1      | Reached XP level 3. HP: 24/29 MP: 3/3
   749 | D:2      | Identified the ring of Vashrapi {Ice SInv}
   760 | D:2      | Reached XP level 4. HP: 37/37 MP: 4/4
  1408 | D:3      | Reached skill level 5 in Shields
  1408 | D:3      | Reached XP level 5. HP: 13/42 MP: 5/5
  1936 | D:4      | Found a hazy altar of Hepliaklqana.
  2024 | D:4      | Found a glowing drain.
  2034 | Sewer    | Entered a sewer
  2053 | Sewer    | Noticed a water moccasin
  2079 | Sewer    | Killed a water moccasin
  2080 | Sewer    | Reached XP level 6. HP: 8/49 MP: 6/6
  2148 | D:4      | Found a staircase to the Ecumenical Temple.
  2178 | D:4      | Reached XP level 7. HP: 22/55 MP: 7/7
  2179 | Temple   | Entered the Ecumenical Temple
  2277 | D:4      | Identified the +1 war axe of Puenyaru {freeze, Contam rC+
                  | Int+5}
  2297 | D:4      | Reached skill level 5 in Fighting
  2297 | D:4      | Reached skill level 6 in Shields
  2527 | D:5      | Entered Level 5 of the Dungeon
  2547 | D:5      | Reached skill level 5 in Armour
  2610 | D:5      | Reached skill level 5 in Axes
  2672 | D:5      | Noticed Menkaure
  2680 | D:5      | Reached XP level 8. HP: 33/62 MP: 8/8
  2684 | D:5      | Killed Menkaure
  2824 | D:5      | Noticed Prince Ribbit
  2847 | D:5      | Killed Prince Ribbit
  2848 | D:5      | Reached skill level 7 in Shields
  2887 | D:5      | Found a snail-covered altar of Cheibriados.
  2939 | D:5      | Found a sacrificial altar of Ru.
  3139 | D:6      | Reached XP level 9. HP: 45/69 MP: 9/9
  3186 | D:6      | Found Mecep's Jewellery Boutique.
  3269 | D:6      | Found an iron altar of Okawaru.
  3278 | D:6      | Became a worshipper of Warmaster Okawaru
  3295 | D:6      | Found a hide-covered altar of Uskayaw.
  3298 | D:6      | Noticed a +0 hand axe
  3298 | D:6      | Noticed a +0 hand axe
  3360 | D:6      | Found a sparkling altar of Nemelex Xobeh.
  3460 | D:7      | Found Weuff's Self-Improvement Boutique.
  3523 | D:7      | Reached skill level 8 in Shields
  3567 | D:7      | Reached * piety under Okawaru
  3659 | D:7      | Noticed a gargoyle
  3670 | D:7      | Killed from afar by a gargoyle

Illustrated notes

Levels and vault maps discovered:
D:1:      matt_arrival_grand_opening, layout_basic, basic_ecumenical_altar
D:2:      layout_basic
D:3:      layout_loops_ring
D:4:      layout_gridville, mainiacjoe_overflow_surrounded_room,
          minmay_temple_entry_purple_smoke, gup_sewer_entry_bubbles
D:5:      layout_rooms, lemuel_round_altar, nicolae_overflow_hidden_temple,
          uniq_prince_ribbit1, uniq_menkaure
D:6:      layout_cave_pools, okawaru_trees_1, mainiacjoe_overflow_cross_hatched,
          dancing_weapons_uskayaw, minmay_shop_enchanted_jewellery
D:7:      layout_cave_pools, nicolae_shop_self_help
Temple:   hellmonk_temple_two_chambers

Skill      XL: |  1  2  3  4  5  6  7  8  9 |
---------------+----------------------------+-----
Fighting       | 4 5 6 |  6.9
Armour         | 4 5 6 |  6.7
Shields        | 5 6 7 8 |  8.2
Axes           | 3 4 5 6 7 |  7.7
Invocations    | |  0.8

Action                     |  1- 3 |  4- 6 |  7- 9 || total
---------------------------+-------+-------+-------++-------
  Melee: War axe           |    79 |   135 |   219 ||   433
Ability: Dig               |       |     2 |       ||     2
  Evoke: Wand              |       |       |     4 ||     4
    Use: Potion            |       |     5 |     1 ||     6
         Scroll            |       |       |     3 ||     3
 Armour: Scale mail        |    35 |     2 |       ||    37
         Chain mail        |       |    73 |    20 ||    93
         Plate armour      |       |       |   154 ||   154
  Dodge: Dodged            |    31 |    43 |    89 ||   163
  Block: Buckler           |    13 |    33 |    86 ||   132

Table legend: (Time is in decaauts)
 A = Elapsed time spent in this place.
 B = Non-inter-level travel time spent in this place.
 C = Inter-level travel time spent in this place.
 D = Time resting spent in this place.
 E = Time spent auto-exploring this place.
 F = Levels seen in this place.
 G = Mean time per level.
                   A        B        C        D        E       F      G
               +--------+--------+--------+--------+--------+-----+--------+
         Total |   3833 |   3718 |    115 |      6 |      0 |   9 |  425.9 |
       Dungeon |   3713 |   3598 |    115 |      6 |      0 |   7 |  530.4 |
        Temple |     25 |     25 |      0 |      0 |      0 |   1 |   25.0 |
         Sewer |     93 |     93 |      0 |      0 |      0 |   1 |   93.0 |
               +--------+--------+--------+--------+--------+-----+--------+

Top non-repeatable levels by time:
     D:4: 849 daAuts
     D:3: 589 daAuts
     D:2: 584 daAuts
     D:1: 508 daAuts
     D:5: 487 daAuts
     D:6: 473 daAuts
     D:7: 220 daAuts
   Sewer: 93 daAuts
  Temple: 25 daAuts
